 Dungeon Crawl Stone Soup version 0.30.1-11-g7821555f0a (webtiles) character file.

Game seed: 11061399533090239495

24357 AngryKot the Swashbuckler (level 12, 67/67 HPs)
             Began as a Spriggan Fighter on Jan 10, 2024.
             Was an Initiate of Ashenzari.
             Quit the game on level 4 of the Lair of Beasts on Jan 11, 2024.
             The game lasted 00:43:47 (17258 turns).

AngryKot the Swashbuckler (Spriggan Fighter)       Turns: 17258, Time: 00:43:48

Health: 67/67      AC:  9    Str: 12    XL:     12   Next: 80%
Magic:  13/13      EV: 34    Int:  9    God:    Ashenzari [......]
Gold:   705        SH: 11    Dex: 26    Spells: 11/11 levels left

rFire   + . .        w - +4 short sword (venom)
rCold   + + +        c - +0 buckler
rNeg    . . .        g - +4 skin of Zhor {*Englaciate rC+++ SInv, Cun, Melee} (curse)
rPois   .            (helmet restricted)
rElec   .            e - +2 cloak
rCorr   .            (gloves unavailable)
SInv    +            (boots unavailable)
Will    ++...        K - amulet of reflection
Stlth   ++           t - ring of protection from fire
HPRegen 0.31/turn    v - +6 ring of dexterity
MPRegen 0.13/turn

%: reflection
@: very quick
A: very small, no large weapons, unfitting armour, see invisible, speed 3
a: Renounce Religion, Shatter the Chains


You were on level 4 of the Lair of Beasts.
You worshipped Ashenzari.
Ashenzari was noncommittal.
You visited 3 branches of the dungeon, and saw 13 of its levels.
You also visited: Volcano.

You collected 705 gold pieces.

Inventory:

Hand Weapons
 a - a +0 rapier
 w - a +4 short sword of venom (weapon)
Missiles
 x - a throwing net (quivered)
Armour
 c - a +0 buckler (worn)
 e - a +2 cloak (worn)
 g - the cursed +4 skin of Zhor (worn) {*Englaciate rC+++ SInv, Cun, Melee}
   (You acquired it on level 4 of the Dungeon)

   *Englaciate: It radiates cold, occasionally slowing all nearby creatures who
   are not resistant to cold.
   rC:        It renders you almost immune to cold.
   SInv:      It lets you see invisible.
   It has a curse which improves the following skills: Cunning: Dodging and
   Stealth.
   Melee Combat: Short Blades, Long Blades, Axes, Maces & Flails, Polearms,
   Staves and Unarmed Combat.
Jewellery
 l - a ring of protection from cold
 t - a ring of protection from fire (left hand)
 v - a +6 ring of dexterity (right hand)
 A - a +6 ring of intelligence
 E - an amulet of the acrobat
 K - an amulet of reflection (around neck)
Wands
 I - a wand of flame (8)
Scrolls
 b - 3 scrolls of fog {unknown}
 h - 3 scrolls of poison
 i - a scroll of brand weapon {unknown}
 j - a scroll of blinking {unknown}
 m - 11 scrolls of teleportation
 n - 2 scrolls of vulnerability
 o - a scroll of enchant armour
 p - 3 scrolls of immolation {unknown}
 r - a scroll of silence {unknown}
 y - a scroll of torment {unknown}
 B - 4 scrolls of enchant weapon
 D - 2 scrolls of noise {unknown}
 H - 3 scrolls of amnesia {unknown}
Potions
 d - 2 potions of magic
 f - 4 potions of curing
 k - 3 potions of flight
 q - 3 potions of resistance
 s - a potion of berserk rage
 u - 3 potions of mutation
 z - 2 potions of heal wounds
 C - a potion of cancellation {unknown}
 F - a potion of haste {unknown}
 G - a potion of lignification {unknown}


   Skills:
 + Level 9.6 Fighting
 * Level 16.7(17.1) Short Blades
 + Level 14.6(15.0) Dodging
 - Level 2.1 Shields


You had 11 spell levels left.
You didn't know any spells.
Your spell library contained the following spells:

 Spells                   Type           Power      Damage    Failure   Level
 Portal Projectile        Hex/Tloc       0%         N/A       86%         3
 Tukima's Dance           Hex            0%         N/A       86%         3
 Animate Dead             Necr           0%         N/A       99%         4
 Leda's Liquefaction      Hex/Erth       0%         N/A       99%         4
 Blade Hands              Tmut           0%         N/A       100%        5
 Irradiate                Conj/Tmut      0%         3d11      100%        5
 Lee's Rapid Deconstruct  Erth           0%         3d4*      100%        5
 Statue Form              Tmut/Erth      0%         N/A       100%        6
 Dragon Form              Tmut           0%         N/A       100%        7
 Haunt                    Necr/Summ      0%         N/A       100%        7
 Infestation              Necr           0%         N/A       100%        8


Dungeon Overview and Level Annotations

Branches:
Dungeon (8/15)             Temple (1/1) D:4            Lair (4/5) D:8
  Swamp (0/4) Lair:3        Snake (0/4) Lair:2        Slime (0/5) Lair:4
Volcano (visited)

Altars:
Ashenzari
Cheibriados
Dithmenos
Elyvilon
Fedhas
Gozag
Hepliaklqana
Kikubaaqudgha
Makhleb
Nemelex Xobeh
Okawaru
Qazlal
Ru
Sif Muna
Trog
Uskayaw
Vehumet
Wu Jian
Xom
Yredelemnul
Zin
The Shining One
Jiyva

Shops:
D:7 [

Annotations:
D:2 Terence
D:4 3 runed translucent doors, Sigmund; Tauromancer's ghost, amateur HOFi
D:8 exclusion: electric eel
Lair:1 exclusion: 2 black mambas
Lair:2 exclusion: oklob plant
Lair:3 exclusion: lava snake
Lair:4 exclusions: black mamba, 2 death yaks and hydra, Sonja


Innate Abilities, Weirdness & Mutations

You are very small and have problems with some larger weapons.
You are too small for most types of armour.
You have supernaturally acute eyesight. (SInv)
You cover ground extremely quickly. (Speed+++)


Message History

The basilisk is almost dead.
The basilisk gazes at you. You resist with almost no effort.
You hit the basilisk.
The basilisk looks as sick as possible!
The basilisk is almost dead.
You kill the basilisk!
No target in view!
No target in view!
You now have 705 gold pieces (gained 18).
Found 8 stones.
Found 8 stones.
You see here 8 stones.
b - 3 scrolls labelled CINEMITU FIPP (gained 1)
A five-headed hydra comes into view.
Press: ? - help, v - describe, . - travel
Here: a five-headed hydra (asleep)
The floor.
Placed new exclusion.
Found a stone staircase leading down.
K - an amulet of reflection You start removing your amulet.
You continue taking off your amulet of the acrobat. x4
You finish taking off your amulet of the acrobat.
You start putting on your amulet.
You continue putting on your amulet of reflection. x5
You finish putting on your amulet of reflection.
You feel a shielding aura gather around you.
K - an amulet of reflection (around neck) Key pressed, stopping explore.
Partly explored, can't reach some items and places.
Partly explored, can't reach some items and places.
Partly explored, can't reach some items and places.
Search for what [Enter for "fly", or ? for help]? .
Okay, then.
As you read the scroll of identify, it crumbles to dust.
B - 4 scrolls of enchant weapon
Okay, then.
Unknown command.
Search for what [Enter for "."]? short Are you sure you want to abandon this character and quit the game? (Confirm with "yes".)

##...#.....#.....#P.....#P..
#....#....#.....###.........
##...##.####....##.....#.#..
#P..#.#.P..............##...
##P.......<......########...
#..............## ###...
#..............###.###.#...
#.......................)..
#.........@.......!........
##......###.#...............
#..###.## ###...............
##.# #..### #.S.##.#.....##.
#.###....# .# #.#......
##.##.....# # #.#...#P.
#..##.....# . ..Y.....
#...#.###.# .. .........
#..##.######... .Y.......


There were no monsters in sight!

Vanquished Creatures
  Kirke (Lair:3)
  3 death yaks
  A hell hog (Volcano)
  A fire crab (Volcano)
  A moth of wrath (shapeshifter) (D:8)
  5 elephants (Lair:2)
  2 black mambas (Lair:3)
  4 molten gargoyles
  6 cane toads
  3 komodo dragons
  A polar bear (Lair:2)
  A tyrant leech (Lair:3)
  Prince Ribbit (D:6)
  3 slime creatures (Lair:4)
  8 blink frogs
  A wyvern (Lair:3)
  25 yaks
  4 basilisks
  7 fire bats (Volcano)
  3 hogs (Lair:4)
  A steam dragon (Volcano)
  4 nagas (Lair:2)
  A swamp worm (Lair:3)
  18 water moccasins
  A hell hound (Volcano)
  3 black bears
  2 sky beasts
  2 phantoms
  2 kobold brigands (D:8)
  Blork the orc (D:5)
  13 bullfrogs
  2 scorpions
  3 wights
  An electric eel (D:8)
  7 howler monkeys
  9 lava snakes
  A crimson imp (D:7)
  2 hounds
  3 orc priests
  4 jellies
  5 iguanas
  3 sleepcaps
  7 orc wizards
  3 hell rats
  A gnoll (D:1)
  8 adders
  3 river rats (D:8)
  2 white imps
  2 ufetubi
  2 dart slugs
  24 orcs
  6 bats
  7 endoplasms
  3 giant cockroaches
  3 goblins
  2 hobgoblins
  5 quokkas
  3 ball pythons
  5 frilled lizards
  11 kobolds
  2 rats
268 creatures vanquished.

Notes
Turn   | Place    | Note
-------+----------+-------------------------------------------
     0 | D:1      | AngryKot the Spriggan Fighter began the quest for the Orb.
     0 | D:1      | Reached XP level 1. HP: 11/11 MP: 2/2
    70 | D:1      | Reached XP level 2. HP: 7/16 MP: 3/3
   393 | D:1      | Reached skill level 3 in Short Blades
  1139 | D:2      | Noticed Terence
  1205 | D:2      | Reached XP level 3. HP: 19/19 MP: 4/4
  2740 | D:4      | Noticed a black bear
  2742 | D:4      | Found a runed translucent gate.
  2756 | D:4      | Noticed Sigmund
  2970 | D:4      | Reached XP level 4. HP: 11/23 MP: 5/5
  3057 | D:4      | Identified a scroll of acquirement
  3131 | D:4      | Found a sacrificial altar of Ru.
  3145 | D:4      | Reached skill level 4 in Short Blades
  3198 | D:4      | Reached skill level 5 in Dodging
  3236 | D:4      | Reached XP level 5. HP: 28/28 MP: 6/6
  3506 | D:4      | Found a staircase to the Ecumenical Temple.
  3521 | D:4      | Found a runed translucent gate.
  3521 | D:4      | Found a runed translucent gate.
  3522 | D:4      | Noticed Tauromancer's ghost (amateur HOFi)
  3549 | Temple   | Entered the Ecumenical Temple
  3710 | Temple   | Became a worshipper of Ashenzari the Shackled
  3860 | D:4      | Noticed a centaur
  3927 | D:5      | Entered Level 5 of the Dungeon
  4387 | D:5      | Reached skill level 5 in Short Blades
  4430 | D:5      | Acquired the +4 skin of Zhor {*Englaciate rC+++ SInv}
  4430 | D:5      | Found the +4 skin of Zhor {*Englaciate rC+++ SInv}
  4505 | D:5      | Noticed Blork the orc
  4531 | D:5      | Killed Blork the orc
  4532 | D:5      | Reached XP level 6. HP: 14/32 MP: 7/7
  5167 | D:4      | Reached skill level 6 in Short Blades
  5181 | D:4      | Reached XP level 7. HP: 17/37 MP: 8/8
  6255 | D:6      | Reached skill level 7 in Short Blades
  6564 | D:6      | Noticed Prince Ribbit
  6580 | D:6      | Killed Prince Ribbit
  6581 | D:6      | Reached XP level 8. HP: 33/42 MP: 9/9
  6630 | D:6      | Found a basalt altar of Yredelemnul.
  6879 | D:6      | Found a hazy altar of Hepliaklqana.
  6888 | D:6      | Found an iron altar of Okawaru.
  7051 | D:6      | Reached skill level 8 in Short Blades
  7096 | D:6      | Found a glowing silver altar of Zin.
  7402 | D:7      | Reached skill level 5 in Fighting
  7518 | D:7      | Found Qouqeadu's Antique Armour Emporium.
  7566 | D:7      | Reached skill level 9 in Short Blades
  7836 | D:7      | Found a shimmering altar of Xom.
  7837 | D:7      | Found a burning altar of Makhleb.
  7845 | D:7      | Reached XP level 9. HP: 47/47 MP: 10/10
  8172 | D:8      | Noticed a death yak
  8172 | D:8      | Noticed a two-headed ogre
  8293 | D:7      | Reached skill level 10 in Short Blades
  8294 | D:8      | Noticed a death yak
  8521 | D:8      | a tarantella changed into a moth of wrath
  8521 | D:8      | Noticed a moth of wrath (shapeshifter)
  8530 | D:8      | Killed a moth of wrath
  8727 | D:8      | Noticed a death yak
  8729 | D:8      | Found a staircase to the Lair.
  8930 | D:7      | Killed a death yak
  8931 | D:7      | Reached skill level 11 in Short Blades
  8931 | D:7      | Reached skill level 10 in Dodging
  9056 | D:7      | Reached XP level 10. HP: 53/53 MP: 11/11
  9138 | D:7      | Killed a death yak
  9286 | D:8      | Killed a death yak
  9287 | D:8      | Reached skill level 12 in Short Blades
  9438 | D:8      | Found a shimmering blue altar of Sif Muna.
  9688 | D:8      | Found a bloodstained altar of Trog.
  9873 | Lair:1   | Entered Level 1 of the Lair of Beasts
  9878 | Lair:1   | Identified the +7 chain mail of Lies {*Corrode rN+ Will+
                  | Str+3}
  9894 | Lair:1   | Noticed a cane toad
  9918 | Lair:1   | Killed a cane toad
 10410 | Lair:1   | Noticed a black mamba
 10443 | Lair:1   | Noticed a black mamba
 10834 | Lair:2   | Noticed an elephant
 10835 | Lair:2   | Noticed an elephant
 10836 | Lair:2   | Noticed an elephant
 10836 | Lair:2   | Noticed an elephant
 10836 | Lair:2   | Noticed an elephant
 11005 | Lair:2   | Reached skill level 13 in Short Blades
 11191 | Lair:2   | Noticed an oklob plant
 11282 | Lair:2   | Found an ancient bone altar of Kikubaaqudgha.
 11329 | Lair:2   | Killed an elephant
 11361 | Lair:2   | Noticed a cane toad
 11370 | Lair:2   | Reached XP level 11. HP: 58/58 MP: 12/12
 11703 | Lair:2   | Found a staircase to the Snake Pit.
 12365 | Lair:2   | Reached skill level 14 in Short Blades
 13645 | Lair:3   | Reached skill level 15 in Short Blades
 13693 | Lair:3   | Found a dark tunnel.
 13701 | Volcano  | Entered a volcano
 14247 | Volcano  | Found a radiant altar of Vehumet.
 14247 | Volcano  | Noticed a hell hog
 14270 | Volcano  | Killed a hell hog
 14271 | Volcano  | Reached XP level 12. HP: 34/65 MP: 13/13
 15509 | Lair:3   | Reached skill level 16 in Short Blades
 15886 | Lair:3   | Found a staircase to the Swamp.
 16202 | Lair:4   | Found a viscous altar of Jiyva.
 16203 | Lair:4   | Found a staircase to the Slime Pits.
 16366 | Lair:4   | Noticed Sonja
 16492 | Lair:4   | Noticed a death yak
 16492 | Lair:4   | Noticed a death yak
 16780 | Lair:4   | Noticed Kirke
 16819 | Lair:3   | Killed Kirke
 17010 | Lair:4   | Noticed a five-headed hydra
 17258 | Lair:4   | Quit the game

Illustrated notes

Levels and vault maps discovered:
D:1:      doesnt_arrival_eight_statues, layout_loops_corners, minmay_surrounded
D:2:      layout_rooms, uniq_terence
D:3:      layout_basic, grunt_ministairs_9, minmay_misc_feat_five
D:4:      layout_basic, nicolae_ru_great_annihilating_truth,
          minmay_temple_entry_fiery, gammafunk_ghost_split, st_stairs_7,
          minmay_misc_feat_cross, grunt_decor_cap, uniq_sigmund
D:5:      layout_rooms, minmay_misc_feat_plants, uniq_blork_the_orc,
          uniq_crazy_yiuf_cottage
D:6:      layout_layer_cave, general_overflow_altar, amcnicky_altar_gilded,
          mainiacjoe_overflow_swirl, uniq_prince_ribbit1
D:7:      layout_rooms, grunt_temple_overflow_champion_of_chaos, serial_shops,
          nicolae_shop_window_shopping
D:8:      layout_basic, nicolae_overflow_hidden_temple, lemuel_tele_altar,
          dpeg_lair_monsters, kennysheep_island_fort
Temple:   hellmonk_temple_forest_ring
Lair:1:   layout_concentric_octagons, grunt_megastairs_3
Lair:2:   layout_layer_cave, minmay_snake_entry_guardpost_small, basic_altar,
          grunt_megastairs_2
Lair:3:   cheibrodos_magma_flow, layout_long_grid, minmay_swamp_entry_worms,
          lightli_volcano_entry_magma_tube, beast_lair_carwin_10
Lair:4:   layout_regular_city, minmay_slime_entry_pillars, minivault_26,
          lemuel_fruit_tree, lemuel_fruit_fields, uniq_kirke, uniq_sonja

Skill      XL: |  1  2  3  4  5  6  7  8  9 10 11 12 |
---------------+-------------------------------------+-----
Short Blades   | 3 4 5 6 7 9 11 13 15 16 | 16.7
Fighting       | 3 4 5 6 7 8 9 |  9.6
Dodging        | 5 6 7 8 10 11 13 14 | 14.6
Shields        | |  2.1

Action                     |  1- 3 |  4- 6 |  7- 9 | 10-12 || total
---------------------------+-------+-------+-------+-------++-------
  Melee: Rapier            |   147 |   278 |   295 |       ||   720
         Short sword       |       |       |   168 |  1107 ||  1275
 Invoke: Curse Item        |       |       |       |     1 ||     1
    Use: Scroll            |     5 |     3 |     4 |     5 ||    17
         Potion            |       |     1 |     2 |     3 ||     6
   Stab: Sleeping          |     3 |     2 |     1 |     3 ||     9
         Distracted        |       |       |     1 |     2 ||     3
 Armour: Robe              |    13 |     3 |       |       ||    16
         Animal skin       |       |    12 |    55 |    32 ||    99
  Dodge: Dodged            |   117 |   182 |   234 |   505 ||  1038
  Block: Buckler           |    24 |    56 |    66 |   125 ||   271
